 Dungeon Crawl Stone Soup version 0.25.1-2-g60ff931df9 (webtiles) character file.

Game seed: 7925199922747240405

2490 MisterFreud the Fighter (level 9, -1/81 HPs)
             Began as a Gnoll Wanderer on Aug 13, 2020.
             Was a High Priest of Ru.
             Slain by Psyche
             ... wielding a +0 dagger of distortion
              (13 damage)
             ... on level 8 of the Dungeon.
             The game lasted 00:14:12 (11119 turns).

MisterFreud the Fighter (Gnoll Wanderer)           Turns: 11119, Time: 00:14:12

Health: -1/81      AC: 18    Str: 18    XL:     9   Next: 52%
Magic:  0/15       EV:  9    Int: 15    God:    Ru [*****.]
Gold:   485        SH:  0    Dex: 14    Spells: 17/17 levels left

rFire    . . .     SeeInvis .   D - +4 morningstar
rCold    . . .     Gourm    .   (no shield)
rNeg     . . .     Faith    .   C - +0 chain mail
rPois    +         Spirit   +   B - +0 helmet
rElec    .         Reflect  .   e - +1 cloak
rCorr    .         Harm     .   y - +0 pair of gloves
MR       +....                  O - +1 pair of boots
Stlth    ..........             E - amulet of guardian spirit
HPRegen  0.23/turn              g - ring of poison resistance
MPRegen  0.14/turn              w - ring of protection from magic

@: no status effects
A: distributed training, fangs 1, hated by all, cowardly, inexperienced 1,
strong nose
a: Draw Out Power, Power Leap, Apocalypse, Renounce Religion


You were on level 8 of the Dungeon.
You worshipped Ru.
Ru was extremely pleased with you.
You were not hungry.

You visited 2 branches of the dungeon, and saw 9 of its levels.

You collected 485 gold pieces.

Inventory:

Hand Weapons
 a - a +2 dagger
 c - a +0 mace
 p - a +1 battleaxe of flaming
 D - a +4 morningstar (weapon)
Missiles
 b - a curare-tipped dart (quivered)
 m - 58 poisoned darts
 n - 21 boomerangs
 J - a throwing net
Armour
 e - a +1 cloak (worn)
 y - a +0 pair of gloves (worn)
 B - a +0 helmet (worn)
 C - a +0 chain mail (worn)
 O - a +1 pair of boots (worn)
Jewellery
 g - a ring of poison resistance (left hand)
 l - an uncursed ring of ice
 w - a ring of protection from magic (right hand)
 E - an amulet of guardian spirit (around neck)
Wands
 d - a wand of random effects (9)
 u - a wand of acid (5)
 G - a wand of enslavement (11)
 H - a wand of polymorph (31)
 P - a wand of digging (10)
Scrolls
 i - 9 scrolls of remove curse {unknown}
 j - 4 scrolls of identify {unknown}
 o - a scroll of enchant weapon {unknown}
 q - 4 scrolls of teleportation {unknown}
 r - 2 scrolls of immolation {unknown}
 t - 3 scrolls of amnesia {unknown}
 M - 3 scrolls of enchant armour {unknown}
 N - 2 scrolls of magic mapping {unknown}
Potions
 h - 2 potions of flight {unknown}
 k - 2 potions of berserk rage {unknown}
 s - 5 potions of curing
 v - a potion of degeneration {unknown}
 x - 3 potions of heal wounds {unknown}
 z - a potion of lignification {unknown}
 A - a potion of invisibility {unknown}
 F - a potion of might {unknown}
 I - a potion of stabbing {unknown}
 K - a potion of brilliance {unknown}
 L - a potion of magic {unknown}
Comestibles
 f - 24 rations


   Skills:
 + Level 11.2 Fighting
 + Level 4.5 Short Blades
 + Level 4.5 Long Blades
 + Level 4.5 Axes
 + Level 4.5 Maces & Flails
 + Level 4.5 Polearms
 + Level 4.5 Staves
 + Level 4.5 Slings
 + Level 4.5 Bows
 + Level 4.5 Crossbows
 + Level 5.3 Throwing
 + Level 8.0 Armour
 + Level 4.5 Dodging
 + Level 4.5 Stealth
 + Level 4.5 Shields
 + Level 4.5 Unarmed Combat
 + Level 4.5 Spellcasting
 + Level 3.7 Conjurations
 + Level 3.7 Hexes
 + Level 3.7 Charms
 + Level 3.7 Summonings
 + Level 3.7 Necromancy
 + Level 3.7 Translocations
 + Level 3.7 Transmutations
 + Level 3.7 Fire Magic
 + Level 3.7 Ice Magic
 + Level 3.7 Air Magic
 + Level 3.7 Earth Magic
 + Level 3.7 Poison Magic
 + Level 5.0 Invocations
 + Level 5.3 Evocations


You had 17 spell levels left.
You didn't know any spells.
Your spell library contained the following spells:

 Spells                   Type           Power        Failure   Level  Hunger
 Magic Dart               Conj           ##..         34%         1    None
 Blink                    Tloc           N/A          47%         2    ##.....
 Slow                     Hex            ##......     47%         2    ##.....
 Confusing Touch          Hex            ##......     71%         3    ###....
 Conjure Flame            Conj/Fire      ##......     71%         3    ###....
 Gell's Gravitas          Tloc           ##........   71%         3    ###....
 Mephitic Cloud           Conj/Pois/Air  ##......     71%         3    ###....
 Petrify                  Tmut/Erth      ##......     98%         4    ####...
 Metabolic Englaciation   Hex/Ice        ##........   100%        5    ######.
 Yara's Violent Unravell  Hex/Tmut       ##........   100%        5    ######.
 Call Imp                 Summ           Unusable     N/A         2    N/A

Dungeon Overview and Level Annotations

Branches:
Dungeon (8/15)             Temple (1/1) D:4
   Lair: D:8-11

Altars:
Cheibriados
Elyvilon
Gozag
Hepliaklqana
Nemelex Xobeh
Ru
Vehumet
Yredelemnul
Zin

Annotations:
D:8 Psyche


Innate Abilities, Weirdness & Mutations

Your experience applies equally to all skills.
You have very sharp teeth.
You are hated by all.
Your cowardice makes you less effective in combat with threatening monsters.
You are somewhat inexperienced. (-2 XL)
Your uncanny sense of smell can sniff out nearby items.


Message History

Something hits you.
You blink.
You miss something. You bite something. Something hits you.
Space warps horribly around you!
* * * LOW HITPOINT WARNING * * *
Something hits you but does no damage.
You blink.
A puff of frost appears from out of thin air!
The puff of frost hits you.
* * * LOW HITPOINT WARNING * * *
A magic dart appears from out of thin air!
The magic dart hits you but does no damage.
A magic dart appears from out of thin air!
The magic dart hits you!
* * * LOW HITPOINT WARNING * * *
An iguana comes into view.
You redirect something's attack!
Something completely misses you. Something hits you.
* * * LOW HITPOINT WARNING * * *
Space warps horribly around you!
You die...

#.#
#.#
#.#
#.#
#.#
#.#
#.#
#.#
#@#
#.#
.l#
##..
P..
....
..P.
PP..P.


You could see an iguana.

Vanquished Creatures
  Joseph (D:8)
  A hippogriff (D:7)
  A hungry ghost (D:8)
  Grum (D:8)
  An ice beast (D:8)
  A porcupine (D:8)
  A black bear (D:5)
  An orc warrior (D:8)
  3 ogres
  A phantom (D:5)
  3 wolves
  A centaur (D:6)
  2 bullfrogs
  2 scorpions
  4 wights (D:6)
  A howler monkey (D:5)
  A bullfrog zombie (D:8)
  A crimson imp (D:6)
  A hound (D:6)
  A quasit (D:7)
  5 orc priests
  6 orc wizards
  Jessica (D:2)
  Terence (D:3)
  An iguana (D:6)
  6 worker ants
  2 hound skeletons
  3 gnolls
  7 adders
  2 shadow imps (D:7)
  6 worms
  2 dart slugs
  A leopard gecko (D:5)
  24 orcs
  2 ball pythons
  2 bats (D:1)
  10 giant cockroaches
  8 goblins
  4 hobgoblins
  10 jackals
  8 quokkas
  7 frilled lizards
  A jackal skeleton (D:4)
  11 kobolds
  A leopard gecko skeleton (D:5)
  23 rats
183 creatures vanquished.

Vanquished Creatures (others)
  An ogre (D:7)
  A gnoll (D:6)
  16 fungi (D:8)
  3 plants (D:8)
21 creatures vanquished.

Grand Total: 204 creatures vanquished

Notes
Turn   | Place    | Note
-------+----------+-------------------------------------------
     0 | D:1      | Reached skill level 10 in Fighting
     0 | D:1      | MisterFreud the Gnoll Wanderer began the quest for the Orb.
     0 | D:1      | MisterFreud set off with the following items: a +2 dagger,
                  | a curare-tipped dart, a +0 mace, a wand of random effects
                  | (15), a +0 robe, a ration
     0 | D:1      | Reached XP level 1. HP: 28/28 MP: 2/2
   299 | D:1      | Reached XP level 2. HP: 33/36 MP: 3/3
   953 | D:2      | Reached XP level 3. HP: 37/42 MP: 4/4
  1454 | D:2      | Reached skill level 1 in Invocations
  1851 | D:2      | Noticed a bullfrog
  1859 | D:2      | HP: 2/42 [bullfrog (8)]
  1860 | D:2      | Killed a bullfrog
  1860 | D:2      | Reached skill level 1 in Short Blades
  1860 | D:2      | Reached skill level 1 in Long Blades
  1860 | D:2      | Reached skill level 1 in Axes
  1860 | D:2      | Reached skill level 1 in Maces & Flails
  1860 | D:2      | Reached skill level 1 in Polearms
  1860 | D:2      | Reached skill level 1 in Staves
  1860 | D:2      | Reached skill level 1 in Slings
  1860 | D:2      | Reached skill level 1 in Bows
  1860 | D:2      | Reached skill level 1 in Crossbows
  1860 | D:2      | Reached skill level 1 in Dodging
  1860 | D:2      | Reached skill level 1 in Stealth
  1860 | D:2      | Reached skill level 1 in Shields
  1860 | D:2      | Reached skill level 1 in Unarmed Combat
  1860 | D:2      | Reached skill level 1 in Spellcasting
  1860 | D:2      | Reached skill level 1 in Conjurations
  1860 | D:2      | Reached skill level 1 in Hexes
  1860 | D:2      | Reached skill level 1 in Charms
  1860 | D:2      | Reached skill level 1 in Summonings
  1860 | D:2      | Reached skill level 1 in Necromancy
  1860 | D:2      | Reached skill level 1 in Translocations
  1860 | D:2      | Reached skill level 1 in Transmutations
  1860 | D:2      | Reached skill level 1 in Fire Magic
  1860 | D:2      | Reached skill level 1 in Ice Magic
  1860 | D:2      | Reached skill level 1 in Air Magic
  1860 | D:2      | Reached skill level 1 in Earth Magic
  1860 | D:2      | Reached skill level 1 in Poison Magic
  1860 | D:2      | Reached XP level 4. HP: 3/48 MP: 4/6
  2239 | D:2      | Reached XP level 5. HP: 54/54 MP: 7/7
  2278 | D:2      | Noticed Jessica
  2283 | D:2      | Killed Jessica
  2488 | D:2      | You fall into a shaft and drop 1 floor!
  2599 | D:3      | Noticed Terence
  2606 | D:3      | Killed Terence
  2924 | D:3      | Found a faded altar of an unknown god.
  3033 | D:3      | Became a worshipper of Ru the Awakened
  3042 | D:3      | Gained mutation: Your cowardice makes you less effective in
                  | combat with threatening monsters. [Ru sacrifice]
  3042 | D:3      | Reached * piety under Ru
  3178 | D:2      | Reached XP level 6. HP: 57/61 MP: 8/8
  3963 | D:4      | Found a staircase to the Ecumenical Temple.
  4984 | D:5      | Entered Level 5 of the Dungeon
  5186 | D:5      | Reached XP level 7. HP: 39/67 MP: 10/10
  5838 | D:5      | Gained mutation: You are somewhat inexperienced. (-2 XL)
                  | [Ru sacrifice]
  5838 | D:5      | Reached XP level 6. HP: 61/61 MP: 9/9
  5838 | D:5      | Reached XP level 5. HP: 54/54 MP: 8/8
  5838 | D:5      | Reached ** piety under Ru
  5838 | D:5      | Reached *** piety under Ru
  6366 | D:6      | Reached XP level 6. HP: 61/61 MP: 9/9
  6477 | D:6      | HP: 3/61 [wight/+4 scimitar (8)]
  6843 | Temple   | Entered the Ecumenical Temple
  6950 | D:6      | Reached XP level 7. HP: 54/67 MP: 11/11
  7623 | D:6      | Found a sparkling altar of Nemelex Xobeh.
  8254 | D:5      | Reached XP level 8. HP: 58/74 MP: 8/13
  8760 | D:7      | Noticed a hippogriff
  8784 | D:7      | Killed a hippogriff
  8784 | D:7      | Reached skill level 11 in Fighting
  9363 | D:7      | Found a radiant altar of Vehumet.
  9373 | D:7      | Found a glowing silver altar of Zin.
  9381 | D:7      | Found a white marble altar of Elyvilon.
  9381 | D:7      | Found a glowing silver altar of Zin.
  9487 | D:7      | Found an opulent altar of Gozag.
  9695 | D:7      | Found a basalt altar of Yredelemnul.
  9788 | D:8      | Found a hazy altar of Hepliaklqana.
  9792 | D:8      | Noticed Grum
  9935 | D:8      | Noticed Joseph
  9960 | D:7      | Reached XP level 9. HP: 59/81 MP: 12/15
  9979 | D:7      | Gained mutation: You are hated by all. [Ru sacrifice]
  9979 | D:7      | Reached **** piety under Ru
  9979 | D:7      | Reached ***** piety under Ru
 10004 | D:8      | Killed Joseph
 10004 | D:8      | Reached skill level 5 in Throwing
 10004 | D:8      | Reached skill level 5 in Evocations
 10006 | D:8      | Killed Grum
 10358 | D:8      | Found a snail-covered altar of Cheibriados.
 10818 | D:8      | Noticed Psyche
 10950 | D:8      | Reached skill level 5 in Invocations
 11119 | D:8      | Slain by Psyche

Illustrated notes

Levels and vault maps discovered:
D:1:      dpeg_arrival_refuge, layout_basic
D:2:      layout_loops_cross, nrook_mini_vaults, uniq_jessica
D:3:      layout_loops_ring, chequers_ecumenical_altar_grove, minmay_rat_hole,
          uniq_terence
D:4:      layout_layer_cave, temple_fountains
D:5:      layout_loops_ring, first_ration
D:6:      layout_loops_ring, nemelex_xobeh_ov_fountains_minmay,
          kennysheep_generic_room_11
D:7:      layout_basic, grunt_gozag_statues, nicolae_overflow_quartered_altars,
          basic_altar, grunt_ogre_cave, corexii_mini_fake_secret_closet,
          minmay_misc_feat_rugged, minmay_joined_circles
D:8:      layout_basic, overflow_temple_1_default, slow_altar_1,
          grunt_lair_entry_orc_guard_hut, uniq_psyche, uniq_grum, uniq_joseph
Temple:   jpeg_temple_clearing

Skill      XL: |  1  2  3  4  5  6  7  8  9 |
---------------+----------------------------+-----
Fighting       | 11 | 11.2
Invocations    | 1 3 4 5 |  5.0
Short Blades   | 1 2 3 4 |  4.5
Long Blades    | 1 2 3 4 |  4.5
Axes           | 1 2 3 4 |  4.5
Maces & Flails | 1 2 3 4 |  4.5
Polearms       | 1 2 3 4 |  4.5
Staves         | 1 2 3 4 |  4.5
Slings         | 1 2 3 4 |  4.5
Bows           | 1 2 3 4 |  4.5
Crossbows      | 1 2 3 4 |  4.5
Dodging        | 1 2 3 4 |  4.5
Stealth        | 1 2 3 4 |  4.5
Shields        | 1 2 3 4 |  4.5
Unarmed Combat | 1 2 3 4 |  4.5
Spellcasting   | 1 2 3 4 |  4.5
Conjurations   | 1 2 3 |  3.7
Hexes          | 1 2 3 |  3.7
Charms         | 1 2 3 |  3.7
Summonings     | 1 2 3 |  3.7
Necromancy     | 1 2 3 |  3.7
Translocations | 1 2 3 |  3.7
Transmutations | 1 2 3 |  3.7
Fire Magic     | 1 2 3 |  3.7
Ice Magic      | 1 2 3 |  3.7
Air Magic      | 1 2 3 |  3.7
Earth Magic    | 1 2 3 |  3.7
Poison Magic   | 1 2 3 |  3.7
Throwing       | 3 4 5 |  5.3
Evocations     | 3 4 5 |  5.3
Armour         | 7 8 |  8.0

Action                   |  1- 3 |  4- 6 |  7- 9 || total
-------------------------+-------+-------+-------++-------
Melee: Dagger            |   142 |    11 |       ||   153
       Bite              |     9 |    12 |    24 ||    45
       Punch             |     1 |     1 |     2 ||     4
       Battleaxe         |       |   180 |    83 ||   263
       Morningstar       |       |       |   177 ||   177
Invok: Sacrifice Courage |       |     1 |       ||     1
       Sacrifice Experie |       |     1 |       ||     1
       Sacrifice Love    |       |       |     1 ||     1
Evoke: Wand              |     1 |       |     5 ||     6
  Use: Potion            |       |       |     1 ||     1
 Stab: Sleeping          |     3 |    13 |       ||    16
       Distracted        |     1 |     3 |     1 ||     5
       Invisible         |       |       |     3 ||     3
  Eat: Chunk             |     2 |    13 |    10 ||    25
       Ration            |       |     1 |     2 ||     3
Armor: Robe              |    30 |    19 |     5 ||    54
       Chain mail        |       |     5 |   165 ||   170
Dodge: Dodged            |    73 |   139 |   149 ||   361
